 Dungeon Crawl Stone Soup version 0.24-a0-779-g36f0aeb843 (webtiles) character file.

Game seed: 16287462375417279908, levelgen mode: deterministic

1562 Arixos the Covert (level 8, -8/46 HPs)
             Began as a Vampire Enchanter on Oct 8, 2019.
             Shot with an arrow by a centaur (9 damage)
             ... on level 6 of the Dungeon.
             The game lasted 00:23:46 (6470 turns).

Arixos the Covert (Vampire Enchanter)               Turns: 6470, Time: 00:23:46

Health: -8/46      AC:  5    Str:  7    XL:     8   Next: 58%
Magic:  0/14       EV: 15    Int: 17    God:
Gold:   240        SH:  0    Dex: 17    Spells: 6/15 levels left

rFire    . . .     SeeInvis +   i - +1 dagger (venom)
rCold    + + .     Gourm    .   (no shield)
rNeg     + + +     Faith    .   b - +0 robe
rPois    ∞         Spirit   .   s - +0 helmet
rElec    .         Reflect  .   p - +0 cloak
rCorr    .         Harm     .   n - +0 pair of gloves
MR       +....                  (no boots)
Stlth    ++++++....             (no amulet)
HPRegen  0.00/turn              d - ring of protection from magic
MPRegen  0.14/turn              (no ring)

@: very slightly contaminated, bloodless, regenerating quickly
A: no food, fangs 3, see invisible, unbreathing
a: Bat Form, Revivify


You were on level 6 of the Dungeon.
You were bloodless.

You visited 1 branch of the dungeon, and saw 6 of its levels.

You collected 240 gold pieces.

Inventory:

Hand Weapons
 i - a +1 dagger of venom (weapon)
 t - a +0 rapier
Armour
 b - a +0 robe (worn)
 n - a +0 pair of gloves (worn)
 p - a +0 cloak (worn)
 s - a +0 helmet (worn)
Jewellery
 d - a ring of protection from magic (left hand)
Scrolls
 c - 7 scrolls of identify {unknown}
 e - 4 scrolls of magic mapping {unknown}
 f - a scroll of enchant armour {unknown}
 h - 2 scrolls of remove curse {unknown}
 j - a scroll of fear {unknown}
 k - a scroll of enchant weapon {unknown}
 o - 2 scrolls of blinking {unknown}
 r - 2 scrolls of teleportation {unknown}
Potions
 a - a potion of magic {unknown}
 g - 2 potions of brilliance
 l - a potion of curing {unknown}
 m - a potion of might
 q - a potion of haste {unknown}


   Skills:
 + Level 3.5 Fighting
 + Level 4.5 Short Blades
 + Level 5.0 Dodging
 + Level 8.0 Stealth
 + Level 4.1 Spellcasting
 + Level 7.6 Hexes
 + Level 3.0 Ice Magic


You had 6 spell levels left.
You knew the following spells:

 Your Spells              Type           Power        Failure   Level  Hunger
a - Ensorcelled Hibernat  Hex/Ice        ###...       2%          2    N/A
b - Corona                Hex            ####...      1%          1    N/A
c - Confuse               Hex            ####....     1%          3    N/A
d - Tukima's Dance        Hex            ####....     1%          3    N/A

Your spell library contained the following spells:

 Spells                   Type           Power        Failure   Level  Hunger
 Dazzling Spray           Conj/Hex       ###...       10%         3    N/A
 Summon Guardian Golem    Hex/Summ       ###.....     10%         3    N/A
 Summon Small Mammal      Summ           #...         16%         1    N/A
 Call Imp                 Summ           #.......     24%         2    N/A
 Call Canine Familiar     Summ           #.......     43%         3    N/A
 Summon Ice Beast         Ice/Summ       #.......     63%         4    N/A
 Summon Lightning Spire   Summ/Air       #.......     83%         4    N/A

Dungeon Overview and Level Annotations

Branches:
Dungeon (6/15)
 Temple: D:4-7

Altars:
Ashenzari
Fedhas
Uskayaw
Wu Jian

Annotations:
D:5 3 runed translucent doors, Toftenius's ghost, novice DrFE; highc0's ghost, novice HaFi


Innate Abilities, Weirdness & Mutations

You do not eat.
You do not regenerate when monsters are visible.
You are frail without blood (-20% HP).
You are immune to poison.
You have razor-sharp teeth.
You have supernaturally acute eyesight. (SInv)
You can survive without breathing.


Message History

Press: ? - help, Shift-Dir - straight line, f/p - centaur
Aim: a centaur, wielding a +0 shortbow (chance to defeat MR: 50%)
The centaur resists with some effort.
The centaur shoots an arrow.
The arrow hits you.
* * * LOW HITPOINT WARNING * * *
Unknown command.
Casting: Ensorcelled Hibernation (safe; 2% risk of failure)
Confirm with . or Enter, or press ? or * to list all spells.
Aiming: Ensorcelled Hibernation (safe; 2% risk of failure)
Press: ? - help, Shift-Dir - straight line, f/p - centaur
Aim: a centaur, wielding a +0 shortbow (chance to defeat MR: 50%)
The centaur resists with some effort.
The centaur shoots an arrow.
The arrow misses you.
The centaur shoots an arrow.
The arrow hits you but does no damage.
The centaur seems less confused.
The centaur wields a +0 shortbow.
The centaur shoots an arrow.
The arrow barely misses you.
The centaur shoots an arrow.
The arrow hits you but does no damage.
You see here an arrow.
The centaur shoots an arrow.
The arrow hits you!
You die...

.. #.#........# #.##
.....###.#........###.##
... ..a..#............##
..... #..#........#.....
.....$ #.†...........##..
......###...####....###..
.......(......###.####...
....(.........###.# #.#.
........@.....#...####.#.
...c....(......#..##..#.
#..#...(.....#.##....##†
# ##....c(..#........#.
#........##.........
#..........(.......#
#.#...#####)..####.#
.......# ###........#
........###.....######


You could see 2 centaurs.

Vanquished Creatures
  An orc warrior (D:6)
  A black bear (D:6)
  4 ogres
  A centaur (D:5)
  2 bullfrogs
  A gnoll sergeant (D:6)
  A wyvern zombie (D:6)
  2 scorpions (D:5)
  2 crimson imps (D:5)
  A bullfrog skeleton (D:5)
  3 orc wizards
  An iguana (D:4)
  6 worker ants
  A hound skeleton (D:6)
  A worker ant zombie (D:5)
  5 adders
  7 gnolls
  2 oozes
  3 adder skeletons (D:4)
  A worm (D:3)
  A dart slug (D:5)
  5 leopard geckos
  13 orcs
  2 ball pythons
  2 bats
  5 giant cockroaches
  6 goblins
  10 hobgoblins
  8 jackals
  10 kobolds
  3 quokkas
  5 frilled lizards
  2 leopard gecko skeletons (D:5)
  A quokka skeleton (D:4)
  11 rats
130 creatures vanquished.

Notes
Turn   | Place    | Note
-------+----------+-------------------------------------------
     0 | D:1      | Arixos the Vampire Enchanter began the quest for the Orb.
     0 | D:1      | Reached XP level 1. HP: 13/13 MP: 3/3
   276 | D:1      | Reached XP level 2. HP: 20/20 MP: 5/5
   280 | D:1      | Learned a level 2 spell: Ensorcelled Hibernation
   580 | D:1      | Found a blossoming altar of Fedhas.
  1101 | D:1      | Reached XP level 3. HP: 7/20 MP: 1/6
  1482 | D:2      | Reached skill level 5 in Stealth
  1666 | D:2      | Reached skill level 1 in Fighting
  1666 | D:2      | Reached skill level 5 in Hexes
  1894 | D:2      | Reached XP level 4. HP: 24/25 MP: 4/7
  1900 | D:2      | Learned a level 3 spell: Confuse
  2847 | D:3      | Reached XP level 5. HP: 29/29 MP: 5/8
  2854 | D:3      | Learned a level 3 spell: Tukima's Dance
  2935 | D:3      | Noticed an ogre
  2942 | D:3      | Found an ornate altar of the Wu Jian Council.
  2943 | D:3      | Killed an ogre
  3290 | D:4      | Reached skill level 6 in Stealth
  3290 | D:4      | Reached XP level 6. HP: 25/35 MP: 2/10
  3859 | D:4      | Found a hide-covered altar of Uskayaw.
  4567 | D:4      | Reached skill level 1 in Ice Magic
  4567 | D:4      | Reached XP level 7. HP: 40/40 MP: 8/11
  4906 | D:5      | Entered Level 5 of the Dungeon
  5264 | D:5      | Found a shattered altar of Ashenzari.
  5307 | D:5      | Found a runed translucent gate.
  5307 | D:5      | Found a runed translucent gate.
  5307 | D:5      | Found a runed translucent gate.
  5308 | D:5      | Noticed Toftenius's ghost (novice DrFE)
  5308 | D:5      | Noticed highc0's ghost (novice HaFi)
  5356 | D:5      | Reached skill level 7 in Stealth
  5601 | D:5      | Reached XP level 8. HP: 19/46 MP: 2/13
  5608 | D:5      | HP: 2/46 [worker ant zombie (3)]
  6316 | D:6      | Reached skill level 8 in Stealth
  6393 | D:6      | Reached skill level 5 in Dodging
  6467 | D:6      | HP: 1/46 [centaur/arrow (6)]
  6470 | D:6      | Shot with an arrow by a centaur

Levels and vault maps discovered:
D:1:      dpeg_arrival_water_fire, layout_basic, roderic_nine_men_s_morris,
          minmay_misc_feat_enclosed, kennysheep_flooded_box
D:2:      layout_loops_cross, first_ration
D:3:      layout_loops_ring, overflow_temple_1_default, serial_glass,
          glass_columns_b, glass_columns_c, st_stairs_11
D:4:      layout_basic, kennysheep_mini
D:5:      minmay_chambers_of_threes, layout_loops_cross,
          nicolae_overflow_hidden_temple, gammafunk_ghost_cemetery
D:6:      layout_rooms, nicolae_overflow_crystal_walls

Skill      XL: |  1  2  3  4  5  6  7  8 |
---------------+-------------------------+-----
Stealth        | 5 6 7 8 |  8.0
Fighting       | 1 2 3 |  3.5
Hexes          | 5 6 7 |  7.6
Short Blades   | 2 3 4 |  4.5
Dodging        | 3 4 5 |  5.0
Spellcasting   | 3 4 |  4.1
Ice Magic      | 1 2 3 |  3.0

Action                   |  1- 3 |  4- 6 |  7- 9 || total
-------------------------+-------+-------+-------++-------
Melee: Dagger            |    73 |    88 |   134 ||   295
       Bite              |    10 |     9 |    14 ||    33
 Cast: Corona            |     4 |       |       ||     4
       Ensorcelled Hiber |    18 |    29 |    15 ||    62
       Confuse           |       |     6 |    18 ||    24
 Abil: Exsanguinate      |     1 |       |       ||     1
  Use: Potion            |       |       |     4 ||     4
 Stab: Sleeping          |    23 |    30 |    18 ||    71
       Confused          |       |       |     3 ||     3
Armor: Robe              |    14 |     8 |    19 ||    41
Dodge: Dodged            |    54 |    50 |    94 ||   198

Table legend:
 A = Non-vault XP
 B = Vault XP
 C = Vault XP percentage of total XP
 D = Non-vault monster count
 E = Vault monster count
 F = Vault count percentage of total count
                 A         B        C        D         E       F
            +---------+---------+-------+---------+---------+-------
      Total |    1821 |     411 |  18.4 |     118 |      12 |   9.2
            +---------+---------+-------+---------+---------+-------
        D:1 |      42 |       0 |   0.0 |      26 |       0 |   0.0
        D:2 |      71 |       0 |   0.0 |      20 |       0 |   0.0
        D:3 |     202 |       8 |   3.8 |      21 |       2 |   8.7
        D:4 |     456 |       0 |   0.0 |      19 |       0 |   0.0
        D:5 |     422 |     403 |  48.8 |      15 |      10 |  40.0
        D:6 |     628 |       0 |   0.0 |      17 |       0 |   0.0
            +---------+---------+-------+---------+---------+-------
